 Dungeon Crawl Stone Soup version 0.29-a0-775-g4d7333d4e2 (webtiles) character file.

Game seed: 2415941821843254449

248 freelancePsychic the Shooter (level 5, -2/45 HPs)
             Began as a Demigod Arcane Marksman on July 1, 2022.
             Slain by Blork the orc
             ... wielding a +0 flail
              (8 damage)
             ... on level 4 of the Dungeon.
             The game lasted 00:05:40 (4228 turns).

freelancePsychic the Shooter (DgAM)                 Turns: 4228, Time: 00:05:41

Health: -2/45      AC:  6    Str: 11    XL:     5   Next: 55%
Magic:  9/9        EV: 10    Int: 15    God:
Gold:   73         SH:  0    Dex: 18    Spells: 5/6 levels left

rFire   . . .      SeeInvis .   a - +0 sling
rCold   . . .      Faith    .   (no shield)
rNeg    . . .      Spirit   .   o - +0 ring mail
rPois   .          Reflect  .   (no helmet)
rElec   .          Harm     .   (no cloak)
rCorr   .          Rampage  .   (no gloves)
Will    .....                   w - +0 pair of boots
Stlth   ..........              (no amulet)
HPRegen 0.15/turn               (no ring)
MPRegen 0.11/turn               (no ring)

@: confused, ambrosia-drunk
A: high MP 1, forlorn, divine attributes
a: no special abilities


You were on level 4 of the Dungeon.
You visited 1 branch of the dungeon, and saw 4 of its levels.

You collected 102 gold pieces.
You spent 29 gold pieces at shops.

Inventory:

Hand Weapons
 a - a +0 sling (weapon)
 h - a +2 dagger of flaming
 p - a +0 morningstar
Armour
 c - a +0 robe
 o - a +0 ring mail (worn)
 t - a +0 kite shield
 w - a +0 pair of boots (worn)
Jewellery
 e - a ring of fire
 s - a ring of wizardry
 x - a +6 ring of dexterity
Scrolls
 b - a scroll of vulnerability
 g - 2 scrolls of teleportation {@r4}
 i - a scroll of silence
 l - 2 scrolls of enchant weapon
 u - a scroll of blinking {unknown}
Potions
 d - a potion of lignification {unknown}
 j - a potion of berserk rage {unknown}
 k - a potion of mutation {unknown}
 m - a potion of invisibility {unknown}
 n - a potion of heal wounds {unknown}
 q - 5 potions of curing {unknown}
 r - a potion of attraction {unknown}
 v - a potion of magic {unknown}


   Skills:
 + Level 3.0 Fighting
 * Level 4.7 Ranged Weapons
 - Level 1.7 Dodging
 - Level 1.0 Spellcasting
 - Level 2.6 Hexes


You had 5 spell levels left.
You knew the following spells:

 Your Spells              Type           Power      Damage    Failure   Level
a - Slow                  Hex            32%        N/A       21%         1

Your spell library contained the following spells:

 Spells                   Type           Power      Damage    Failure   Level
 Ensorcelled Hibernation  Hex/Ice        8%         N/A       45%         2
 Apportation              Tloc           0%         N/A       52%         1
 Passwall                 Tmut/Erth      0%         N/A       65%         2
 Inner Flame              Hex/Fire       4%         N/A       71%         3
 Portal Projectile        Hex/Tloc       8%         N/A       71%         3
 Conjure Flame            Conj/Fire      0%         6-21      87%         3
 Ignite Poison            Fire/Tmut/Pois 0%         N/A       87%         3
 Swiftness                Air            0%         N/A       87%         3
 Cause Fear               Hex            4%         N/A       89%         4
 Sticky Flame             Conj/Fire      0%         2d3       99%         4
 Alistair's Intoxication  Tmut/Pois      0%         N/A       100%        5


Dungeon Overview and Level Annotations

Branches:
Dungeon (4/15)
 Temple: D:4-7

Shops:
D:3 *

Annotations:
D:3 1 runed translucent door, Crazy Yiuf
D:4 Blork the orc


Innate Abilities, Weirdness & Mutations

You have an increased reservoir of magic. (+10% MP)
You shall have no god before yourself.
Your divine heritage dramatically boosts your attributes as you level up.


Message History

Blork the orc is moderately wounded.
You shoot a sling bullet. The sling bullet hits Blork the orc.
Blork the orc is moderately wounded.
You shoot a sling bullet. The sling bullet hits Blork the orc.
Blork the orc is heavily wounded.
Blork the orc hits you with a +0 flail.
You shoot a sling bullet. The sling bullet hits Blork the orc.
Blork the orc is severely wounded.
Blork the orc hits you with a +0 flail!
You are too injured to fight recklessly!
You are too injured to fight recklessly!
You are too injured to fight recklessly!
Fire: a) +0 sling
Press: ? - help, Shift-Dir - straight line, f/p - Blork the orc
Aim: Blork the orc, wielding a +0 flail and wearing a +0 robe (severely wounded)
You shoot a sling bullet.
The sling bullet barely misses Blork the orc.
Blork the orc hits you with a +0 flail.
Fire: a) +0 sling
Press: ? - help, Shift-Dir - straight line, f/p - Blork the orc
Aim: Blork the orc, wielding a +0 flail and wearing a +0 robe (severely wounded)
You shoot a sling bullet.
The sling bullet closely misses Blork the orc.
Blork the orc hits you with a +0 flail!
Fire: a) +0 sling
Press: ? - help, Shift-Dir - straight line, f/p - Blork the orc
Aim: Blork the orc, wielding a +0 flail and wearing a +0 robe (severely wounded)
You shoot a sling bullet. The sling bullet hits Blork the orc.
Blork the orc is almost dead.
Blork the orc gestures at you while chanting.
The puff of flame hits you.
* * * LOW HITPOINT WARNING * * *
Blork the orc closely misses you.
You are confused.
You feel invigorated.
Blork the orc gestures at you while chanting.
The puff of frost hits you!
* * * LOW HITPOINT WARNING * * *
Blork the orc attacks as you move away! Blork the orc hits you with a +0 flail!
You die...

..#.... #.### ### #..
..#...# ###...# ... ....
..#...##..##..###.###..##
..#.......#.....#.#......
###<......#.....#†#......
..#...##+###............#
..#...##..##...##..######
..#...##..#######..##...
..#........#....@o.......
..#......[.#.............
..+.....>.##+##########+#
..#.......#........
..#.......'........
..#...###+#........
..#...#............
..#...'....####....
..#...#....#..# ...


You could see Blork the orc.

Vanquished Creatures
  2 howler monkeys
  Jessica (D:3)
  6 adders
  An ufetubus (D:4)
  3 worms
  A dart slug (D:2)
  2 orcs (D:3)
  7 ball pythons
  6 endoplasms
  3 giant cockroaches (D:1)
  3 goblins
  9 hobgoblins
  6 jackals (D:1)
  10 kobolds
  4 quokkas
  4 bats
  3 frilled lizards
  A rat (D:2)
72 creatures vanquished.

Notes
Turn   | Place    | Note
-------+----------+-------------------------------------------
     0 | D:1      | freelancePsychic the Demigod Arcane Marksman began the
                  | quest for the Orb.
     0 | D:1      | Reached XP level 1. HP: 15/15 MP: 4/4
   104 | D:1      | Reached skill level 1 in Fighting
   104 | D:1      | Reached skill level 2 in Ranged Weapons
   164 | D:1      | Reached XP level 2. HP: 23/23 MP: 5/5
   903 | D:1      | Reached XP level 3. HP: 24/28 MP: 6/6
  1310 | D:2      | Reached skill level 3 in Ranged Weapons
  2187 | D:3      | Reached XP level 4. HP: 25/36 MP: 8/8
  2579 | D:3      | Found Ximais Furr's Assorted Antiques.
  2586 | D:3      | Bought a scroll labelled ICWEZ HYOPSASCH for 29 gold pieces
  2604 | D:3      | Found a runed translucent door.
  2605 | D:3      | Noticed Crazy Yiuf
  2916 | D:3      | Noticed an ice beast
  3146 | D:3      | Reached skill level 4 in Ranged Weapons
  3310 | D:3      | Noticed Jessica
  3316 | D:3      | Killed Jessica
  3317 | D:3      | Reached XP level 5. HP: 41/42 MP: 9/9
  4001 | D:4      | Noticed an ogre
  4217 | D:4      | Noticed Blork the orc
  4228 | D:4      | Slain by Blork the orc

Illustrated notes

Levels and vault maps discovered:
D:1:      lemuel_arrival_river_ford, layout_basic,
          ebering_ecumenical_altar_sacrificial
D:2:      layout_rooms
D:3:      layout_loops_cross, grunt_temple_overflow_open, serial_shops, shop,
          minmay_divided_ellipse, uniq_crazy_yiuf_cottage, uniq_jessica
D:4:      layout_gridville, overflow_temple_1_default, minmay_quantized,
          uniq_blork_the_orc, uniq_edmund, uniq_eustachio

Skill      XL: |  1  2  3  4  5 |
---------------+----------------+-----
Fighting       | 1 2 3 |  3.0
Ranged Weapons | 2 3 4 |  4.7
Dodging        | |  1.7
Spellcasting   | |  1.0
Hexes          | |  2.6

Action                   |  1- 3 |  4- 6 || total
-------------------------+-------+-------++-------
 Fire: Sling             |   170 |   142 ||   312
 Cast: Slow              |     6 |     1 ||     7
  Use: Scroll            |     2 |     3 ||     5
       Potion            |       |     1 ||     1
Armor: Robe              |    16 |       ||    16
       Ring mail         |     1 |    38 ||    39
Dodge: Dodged            |    71 |    61 ||   132

Table legend: (Time is in decaauts)
 A = Elapsed time spent in this place.
 B = Non-inter-level travel time spent in this place.
 C = Inter-level travel time spent in this place.
 D = Time resting spent in this place.
 E = Time spent auto-exploring this place.
 F = Levels seen in this place.
 G = Mean time per level.
                   A        B        C        D        E       F      G
               +--------+--------+--------+--------+--------+-----+--------+
         Total |   4326 |   4109 |    217 |    143 |   3272 |   4 | 1081.5 |
       Dungeon |   4326 |   4109 |    217 |    143 |   3272 |   4 | 1081.5 |
               +--------+--------+--------+--------+--------+-----+--------+

Top non-repeatable levels by time:
     D:3: 1761 daAuts
     D:1: 1320 daAuts
     D:2: 852 daAuts
     D:4: 391 daAuts
